AoeStats
← TheQuietRiot

Arabia

505208152Analyzed
1v1 RM · 24d ago on Sep 8, 2026· 43m 22s· 2 players
Game mode
Random Map
Map size
Tiny (2 player)
Population
200
Speed
Normal
Resources
Standard
Victory
Conquest
Starting age
Dark Age
Ending age
Imperial Age
RankedLock teamsTeams togetherTeam positionsShared explorationLock speedFull tech treeHidden civsTurbo modeCheats
Victory
Defeat
🇬🇧 Britons · United Kingdom
915
+17
🇸🇬 Ethiopians · Singapore
934
-17
TheQuietRiot
10:00 Feudal Age
9:13 Loom
11:01 Double-Bit Axe
15:35 Gold Mining
17:15 Horse Collar
22:14 Castle Age
22:21 Crossbowman
23:54 Stone Mining
24:26 Fletching
24:38 Padded Archer Armor
25:06 Bow Saw
24:57 Heavy Plow
27:40 Gold Shaft Mining
27:18 Forging
29:07 Wheelbarrow
28:18 Town Watch
30:31 Hand Cart
30:49 Hand Cart
30:57 Bodkin Arrow
31:02 Padded Archer Armor
33:00 Town Patrol
33:23 Husbandry
32:44 Light Cavalry
34:02 Iron Casting
39:50 Imperial Age
38:07 Ballistics
38:05 Leather Archer Armor
39:01 Elite Skirmisher
42:39 Chemistry
41:46 Siege Engineers
42:45 Yeomen
Smokeball
5:42 Loom
9:54 Feudal Age
10:21 Double-Bit Axe
10:16 Horse Collar
15:26 Fletching
15:28 Gold Mining
23:02 Padded Archer Armor
23:07 Scale Mail Armor
26:28 Castle Age
26:33 Crossbowman
27:19 Thumb Ring
27:19 Squires
26:45 Light Cavalry
27:23 Bodkin Arrow
28:22 Leather Archer Armor
31:18 Wheelbarrow
36:10 Imperial Age
33:42 Stone Mining
35:30 Town Watch
36:50 Ballistics
36:44 Arbalester
40:05 Hand Cart
40:59 Chemistry
40:14 Bow Saw
40:42 Gold Shaft Mining
Connection lost

Rejoining the realm…

Still unreachable

The connection could not be restored.

Session expired

The server has moved on; the page needs a fresh start.